 Dungeon Crawl Stone Soup version 0.29.1-12-g30fa7ad0bf (webtiles) character file.

Game seed: 5524364902580110636

79 funkygono the Firebug (level 4, -1/30 HPs)
             Began as a Demonspawn Fire Elementalist on Jan 2, 2023.
             Killed by divine providence
             ... invoked by an orc priest
              (14 damage)
             ... on level 3 of the Dungeon.
             The game lasted 00:03:19 (2769 turns).

funkygono the Firebug (DsFE)                        Turns: 2769, Time: 00:03:20

Health: -1/30      AC:  6    Str:  8    XL:     4   Next: 16%
Magic:  1/8        EV: 12    Int: 18    God:
Gold:   132        SH:  0    Dex: 14    Spells: 3/9 levels left

rFire   . . .      SeeInvis .   c - +0 whip
rCold   . . .      Faith    .   (no shield)
rNeg    . . .      Spirit   .   a - +0 robe
rPois   .          Reflect  .   (no helmet)
rElec   .          Harm     .   (no cloak)
rCorr   .          Rampage  .   (no gloves)
Will    .....                   (no boots)
Stlth   ++........              (no amulet)
HPRegen 0.10/turn               k - +4 ring of protection
MPRegen 0.11/turn               (no ring)

@: no status effects
A: demonic guardian 2, condensation shield
a: no special abilities


You were on level 3 of the Dungeon.
You visited 1 branch of the dungeon, and saw 3 of its levels.

You collected 132 gold pieces.

Inventory:

Hand Weapons
 c - a +0 whip (weapon)
Armour
 a - a +0 robe (worn)
 p - a +0 leather armour
Jewellery
 k - a +4 ring of protection (left hand)
Scrolls
 e - a scroll of poison {unknown}
 f - 2 scrolls of teleportation {unknown}
 g - 2 scrolls of identify {unknown}
 l - a scroll of enchant armour {unknown}
 m - a scroll of magic mapping {unknown}
 n - a scroll of summoning {unknown}
Potions
 b - a potion of magic
 d - 3 potions of curing {unknown}
 h - a potion of resistance {unknown}
 i - 2 potions of lignification {unknown}
 j - a potion of degeneration {unknown}
 o - a potion of brilliance {unknown}


   Skills:
 + Level 0.3 Fighting
 + Level 0.2 Maces & Flails
 + Level 2.1 Dodging
 - Level 1.7 Stealth
 + Level 3.1 Spellcasting
 + Level 1.3 Conjurations
 + Level 3.3 Fire Magic


You had 3 spell levels left.
You knew the following spells:

 Your Spells              Type           Power      Damage    Failure   Level
a - Foxfire               Conj/Fire      44%        2x1d6     6%          1
b - Scorch                Fire           28%        2d6       6%          2
c - Conjure Flame         Conj/Fire      11%        6-21      19%         3

Your spell library contained the following spells:

 Spells                   Type           Power      Damage    Failure   Level
 Magic Dart               Conj           28%        1d4       10%         1
 Apportation              Tloc           4%         N/A       16%         1
 Blink                    Tloc           4%         N/A       24%         2
 Call Imp                 Summ           2%         N/A       24%         2
 Inner Flame              Hex/Fire       8%         N/A       24%         3
 Mephitic Cloud           Conj/Pois/Air  4%         N/A       38%         3
 Call Canine Familiar     Summ           2%         N/A       43%         3
 Lesser Beckoning         Tloc           2%         N/A       43%         3
 Ozocubu's Armour         Ice            2%         N/A       43%         3
 Portal Projectile        Hex/Tloc       4%         N/A       43%         3
 Flame Wave               Conj/Fire      11%        2d6       52%         4
 Leda's Liquefaction      Hex/Erth       1%         N/A       85%         4
 Alistair's Intoxication  Tmut/Pois      1%         N/A       99%         5
 Manifold Assault         Tloc           2%         N/A       99%         5
 Dispersal                Tloc           1%         N/A       100%        6
 Ozocubu's Refrigeration  Ice            1%         4d7       100%        7
 Disjunction              Tloc           1%         N/A       100%        8


Dungeon Overview and Level Annotations

Branches:
Dungeon (3/15)

Altars:

Shops:
D:1 (

Annotations:
D:3 Natasha


Innate Abilities, Weirdness & Mutations

A demonic guardian rushes to your aid.
A meltable shield of frost defends you. (SH +0)


Message History

Confirm with . or Enter, or press ? or * to list all spells.
You conjure some foxfire!
Unknown command.
Casting: Foxfire (safe; 6% risk of failure)
Confirm with . or Enter, or press ? or * to list all spells.
You conjure some foxfire!
The foxfire hits the orc priest but does no damage.
The foxfire hits the orc priest.
The orc priest is lightly wounded.
Unknown command.
Casting: Foxfire (safe; 6% risk of failure)
Confirm with . or Enter, or press ? or * to list all spells.
You conjure some foxfire!
The foxfire hits the orc priest.
The orc priest is moderately wounded.
The foxfire hits the orc priest but does no damage.
The orc priest is moderately wounded.
Natasha casts a spell.
The foxfire hits the orc priest but does no damage.
The orc priest is moderately wounded.
The foxfire hits the orc priest but does no damage.
The orc priest is moderately wounded.
The orc priest looks encouraged for a moment.
Natasha casts a spell.
Your magical contamination has completely faded away.
Natasha zaps a wand.
The puff of flame hits you!
Your condensation shield dissipates!
The crimson imp blinks!
The orc priest looks braver for a moment.
Natasha stares at you and mumbles some strange words.
You resist with some effort.
Natasha casts a spell.
The orc priest calls down the wrath of Beogh upon you.
You barely resist.
The orc priest casts a cantrip, but nothing happens.
Natasha casts a spell at you. The magic dart hits you.
You see here an adder skeleton.
The orc priest calls down the wrath of Beogh upon you.
Beogh smites you!
You die...

... #5# #o# ###+# #)#
##...############.#### #
#..................... ...
..........5.ho....####
#....###.................#
.>.......@÷...o5.5...)....
...#####.###############..
.......<........ .......§.
....##....###### ######...
. #.....# #.o. ####..#
#... ...# #... ##.# #w).
.# ....


You could see an orc priest, Natasha and 2 crimson imps.

Vanquished Creatures
  2 adders
  2 worms
  5 orcs (D:3)
  4 bats
  2 endoplasms
  2 giant cockroaches
  3 goblins
  4 hobgoblins (D:1)
  4 jackals
  7 kobolds
  3 quokkas
  3 ball pythons
  2 frilled lizards
  3 rats (D:1)
46 creatures vanquished.

Vanquished Creatures (others)
  129 foxfires
129 creatures vanquished.

Grand Total: 175 creatures vanquished

Notes
Turn   | Place    | Note
-------+----------+-------------------------------------------
     0 | D:1      | funkygono the Demonspawn Fire Elementalist began the quest
                  | for the Orb.
     0 | D:1      | Reached XP level 1. HP: 13/13 MP: 3/3
   442 | D:1      | Gained mutation: A weak demonic guardian rushes to your
                  | aid. [demonic ancestry]
   442 | D:1      | Reached XP level 2. HP: 19/19 MP: 1/5
   445 | D:1      | Learned a level 2 spell: Scorch
   614 | D:1      | Found Alicaunt's Antique Weapon Emporium.
  1464 | D:2      | Gained mutation: A demonic guardian rushes to your aid.
                  | [demonic ancestry]
  1464 | D:2      | Reached XP level 3. HP: 24/24 MP: 1/6
  1468 | D:2      | Learned a level 3 spell: Conjure Flame
  2190 | D:2      | Found a faded altar of an unknown god.
  2587 | D:3      | Gained mutation: A meltable shield of frost defends you.
                  | (SH +0) [demonic ancestry]
  2587 | D:3      | Reached XP level 4. HP: 30/30 MP: 0/8
  2751 | D:3      | Noticed Natasha
  2769 | D:3      | Killed from afar by an orc priest

Illustrated notes

Levels and vault maps discovered:
D:1:      lightli_arrival_noodles, layout_loops_ring, serial_shops,
          nicolae_shop_waterfront
D:2:      layout_rooms, serial_rivers, chequers_serial_rivers_micro_b,
          chequers_serial_rivers_micro_c, chequers_serial_rivers_micro_b,
          chequers_serial_rivers_large_b, chequers_serial_rivers_micro_e,
          hellmonk_ecumenical_altar_crossroads
D:3:      layout_basic, uniq_crazy_yiuf_cottage, uniq_ijyb, uniq_natasha

Skill      XL: |  1  2  3 |
---------------+----------+-----
Dodging        | 2 |  2.1
Fire Magic     | 3 |  3.3
Spellcasting   | 3 |  3.1
Fighting       | |  0.3
Maces & Flails | |  0.2
Stealth        | |  1.7
Conjurations   | |  1.3

Action                   |  1- 3 |  4- 6 || total
-------------------------+-------+-------++-------
Melee: Whip              |     3 |    11 ||    14
 Cast: Foxfire           |    74 |     9 ||    83
       Scorch            |    10 |       ||    10
Armor: Robe              |     4 |     2 ||     6
Dodge: Dodged            |    15 |     2 ||    17
Block: Other             |       |     1 ||     1
